 Dungeon Crawl Stone Soup version 0.29-a0-512-gf59ac788ac (webtiles) character file.

Game seed: 2424094527285784264

5544 quokkamancerX the Carver (level 10, -3/65 HPs)
             Began as a Tengu Berserker on May 29, 2022.
             Was an Elder of Trog.
             Slain by a komodo dragon (7 damage)
             ... on level 9 of the Dungeon.
             The game lasted 00:39:43 (10486 turns).

quokkamancerX the Carver (Tengu Berserker)         Turns: 10486, Time: 00:39:43

Health: -3/65      AC: 16    Str: 17    XL:     10   Next: 71%
Magic:  0/11       EV: 12    Int:  8    God:    Trog [****..]
Gold:   363        SH:  9    Dex: 22    Spells: 9/9 levels left

rFire   . . .      SeeInvis .   C - +1 falchion (protect)
rCold   . . .      Faith    .   o - +1 kite shield {AC+3}
rNeg    . . .      Spirit   +   K - +0 troll leather armour
rPois   .          Reflect  .   e - +0 hat
rElec   .          Harm     .   z - +0 cloak
rCorr   +          Rampage  .   f - +0 pair of gloves of the Marlin {rCorr Stlth+}
Will    .....                   (boots unavailable)
Stlth   ++++......              J - amulet of Miweost {Spirit Dex+4}
HPRegen 1.00/turn               (no ring)
MPRegen 0.12/turn               (no ring)

@: under a protective aura, flying quickly and evasively, quick
A: beak, talons 3, nimble flight
a: Renounce Religion, Berserk, Trog's Hand, Brothers in Arms


You were on level 9 of the Dungeon.
You worshipped Trog.
Trog was greatly pleased with you.
You visited 1 branch of the dungeon, and saw 9 of its levels.
You also visited: Ossuary.

You collected 759 gold pieces.
You spent 396 gold pieces at shops.

Inventory:

Hand Weapons
 C - a +1 falchion of protection (weapon)
Missiles
 s - 4 boomerangs
 v - 12 poisoned darts (quivered)
Armour
 e - a +0 hat (worn)
 f - the +0 pair of gloves of the Marlin (worn) {rCorr Stlth+}
   (You bought it in a shop on level 8 of the Dungeon)

   rCorr:     It protects you from acid and corrosion.
   Stlth:     It makes you more stealthy.
 o - a +1 kite shield of protection (worn)
 z - a +0 cloak (worn)
 K - a +0 troll leather armour (worn)
Jewellery
 m - a ring of fire
 J - the amulet of Miweost (around neck) {Spirit Dex+4}
   (You acquired it on level 7 of the Dungeon)

   [amulet of guardian spirit]

   It causes incoming damage to be divided between your reserves of health and
   magic.
   Dex:       It affects your dexterity (+4).
Wands
 a - a wand of iceblast (13)
 d - a wand of paralysis (5)
 I - a wand of polymorph (7)
Scrolls
 c - 3 scrolls of vulnerability
 g - a scroll of immolation
 h - 2 scrolls of teleportation
 i - 2 scrolls of identify
 k - 2 scrolls of fog
 l - 2 scrolls of poison
 t - a scroll of brand weapon {unknown}
 w - a scroll of enchant weapon
 y - a scroll of torment {unknown}
 A - a scroll of enchant armour {unknown}
 B - a scroll of blinking {unknown}
 G - a scroll of magic mapping {unknown}
Potions
 b - 6 potions of curing
 j - 3 potions of resistance
 n - 2 potions of ambrosia {unknown}
 p - 2 potions of flight {unknown}
 q - a potion of lignification {unknown}
 r - a potion of degeneration {unknown}
 u - 4 potions of heal wounds
 x - a potion of haste {unknown}
 D - a potion of might {unknown}
 E - a potion of cancellation {unknown}
 F - a potion of brilliance {unknown}
 H - a potion of attraction {unknown}


   Skills:
 + Level 8.6 Fighting
 - Level 14.0 Long Blades
 - Level 2.1 Armour
 - Level 2.1 Dodging
 - Level 5.0 Stealth


You had 9 spell levels left.
You didn't know any spells.
Your spell library was empty.

Dungeon Overview and Level Annotations

Branches:
Dungeon (9/15)             Temple (0/1) D:7         Ossuary (visited)
   Lair: D:8-11         Orc: D:9-12

Altars:
Ashenzari
Elyvilon
Gozag
Kikubaaqudgha
Nemelex Xobeh
Qazlal
Sif Muna
Trog
Vehumet
Xom

Shops:
D:4 (   D:6 (   D:7 *   D:8 =*

Annotations:
D:4 Edmund, Eustachio


Innate Abilities, Weirdness & Mutations

You have a beak for a mouth.
You have claws for feet.
Your magical nature lets you fly swiftly and evasively.


Message History

You hit the bullfrog. You claw the bullfrog! You peck the bullfrog.
You kill the bullfrog!
Trog accepts your kill.
A nearby plant withers and dies.
The orc priest mumbles some strange prayers to Beogh against you.
Beogh smites you!
You completely miss the komodo dragon.
You peck the komodo dragon, but do no damage.
The komodo dragon bites you but does no damage.
You hit the komodo dragon but do no damage.
You peck the komodo dragon.
The komodo dragon is lightly wounded.
You block the komodo dragon's attack.
You hit the komodo dragon but do no damage.
The komodo dragon is lightly wounded.
The orc priest mumbles some strange prayers to Beogh against you.
Beogh smites you! The komodo dragon bites you.
You hear an angry growl.
You hit the komodo dragon. Your kick misses the komodo dragon.
The komodo dragon is lightly wounded.
You barely miss the komodo dragon. You claw the komodo dragon.
You peck the komodo dragon, but do no damage.
The komodo dragon is lightly wounded.
The komodo dragon bites you!!
A black bear comes into view.
The orc priest calls down the wrath of Beogh upon you.
Beogh smites you!
* * * LOW HITPOINT WARNING * * *
You hit the komodo dragon. You claw the komodo dragon.
Your peck misses the komodo dragon.
The komodo dragon is moderately wounded.
The komodo dragon barely misses you.
The orc priest mumbles some strange prayers to Beogh against you.
Beogh smites you!
* * * LOW HITPOINT WARNING * * *
You hit the komodo dragon. Your kick misses the komodo dragon.
You peck the komodo dragon, but do no damage.
The komodo dragon is heavily wounded.
The komodo dragon bites you!
You die...

.....#
#.'))......'.:.# .....
.....#
#.#))......###.#K...K.
.....# #)#........#
#.'KKK...
.....####.#........#
###oo....
.....')...#........#
.o.o..
.....######........#
..... .....#
######'### .....
.....# #.# .... ######
#@# +### #l#
######F####
#....os...#
#.....†.P..P#
#...P...P.P..#
......Ph..P...+
##...P.P..P..P#
#.P.P.PP..PP.P.


You could see a komodo dragon, a black bear, a bullfrog, a scorpion and an orc
priest.

Vanquished Creatures
  Pikel (D:4)
  A troll (D:8)
  Grinder (D:3)
  A hornet (D:5)
  A yak (D:9)
  2 wyverns (D:9)
  A steam dragon (D:6)
  Menkaure (D:7)
  A water moccasin (D:7)
  An acid dragon (D:8)
  Duvessa (D:6)
  2 orc warriors
  2 sky beasts
  3 ogres
  2 ice beasts
  3 phantoms
  5 bullfrogs
  2 kobold brigands
  4 necrophages
  5 wights (D:8)
  Dowan (D:6)
  13 killer bees
  A centaur zombie (Ossuary)
  A human zombie (Ossuary)
  5 orc priests
  4 hounds
  A gnoll shaman (D:6)
  3 jellies
  An iguana (D:4)
  7 orc wizards
  2 mummies (Ossuary)
  5 gnolls (D:7)
  4 adders
  A shadow imp (D:6)
  2 white imps
  An ufetubus (D:5)
  3 worms
  A dart slug (D:5)
  30 orcs
  6 endoplasms
  6 giant cockroaches
  6 hobgoblins
  7 jackals
  10 kobolds
  3 quokkas (D:2)
  6 ball pythons
  2 bats
  3 frilled lizards
  4 goblins
  3 goblin zombies (Ossuary)
  4 hobgoblin zombies (Ossuary)
  5 orc zombies (Ossuary)
  2 rats (D:1)
193 creatures vanquished.

Vanquished Creatures (others)
  9 fungi (D:9)
  8 plants
17 creatures vanquished.

Grand Total: 210 creatures vanquished

Notes
Turn   | Place    | Note
-------+----------+-------------------------------------------
     0 | D:1      | quokkamancerX the Tengu Berserker began the quest for the
                  | Orb.
     0 | D:1      | Reached XP level 1. HP: 14/14 MP: 2/2
    78 | D:1      | Found a faded altar of an unknown god.
    99 | D:1      | Reached skill level 1 in Stealth
   222 | D:1      | Reached XP level 2. HP: 19/19 MP: 3/3
  1715 | D:2      | Reached XP level 3. HP: 23/23 MP: 4/4
  1753 | D:2      | Reached skill level 4 in Long Blades
  2825 | D:3      | Reached XP level 4. HP: 23/28 MP: 5/5
  2982 | D:3      | Found a shimmering blue altar of Sif Muna.
  3235 | D:3      | Reached ** piety under Trog
  3342 | D:3      | Noticed Grinder
  3374 | D:3      | Killed Grinder
  3375 | D:3      | Reached skill level 5 in Long Blades
  3375 | D:3      | Gained mutation: Your magical nature lets you fly swiftly
                  | and evasively. [Tengu growth]
  3375 | D:3      | Reached XP level 5. HP: 32/32 MP: 6/6
  3375 | D:3      | Reached XP level 6. HP: 37/37 MP: 7/7
  3475 | D:3      | Found a stormy altar of Qazlal.
  3733 | D:4      | Reached skill level 6 in Long Blades
  3796 | D:4      | Noticed Eustachio
  3853 | D:4      | Noticed Pikel
  3870 | D:4      | Killed Pikel
  3871 | D:4      | Reached skill level 8 in Long Blades
  3871 | D:4      | Reached skill level 5 in Stealth
  3871 | D:4      | Reached XP level 7. HP: 39/41 MP: 8/8
  4016 | D:4      | Found Roddyzac's Weapon Emporium.
  4396 | D:4      | Noticed Edmund
  4409 | D:5      | Entered Level 5 of the Dungeon
  4457 | D:5      | Reached XP level 8. HP: 46/46 MP: 9/9
  4652 | D:5      | Reached skill level 9 in Long Blades
  4754 | D:5      | Noticed a hornet
  4868 | D:5      | Paralysed by a hornet for 1 turns
  4871 | D:5      | Killed a hornet
  5076 | D:5      | Reached skill level 10 in Long Blades
  5661 | D:5      | Reached skill level 11 in Long Blades
  6111 | D:6      | Reached XP level 9. HP: 50/50 MP: 10/10
  6494 | D:6      | Reached skill level 12 in Long Blades
  6656 | D:6      | Found Gec Dicush's Weapon Emporium.
  6664 | D:6      | Bought a +1 falchion of protection for 159 gold pieces
  6786 | D:7      | Noticed Duvessa
  6786 | D:7      | Noticed Dowan
  6888 | D:7      | Noticed Menkaure
  6984 | D:6      | Killed Duvessa
  6985 | D:6      | Killed Dowan
  7391 | D:6      | Reached skill level 13 in Long Blades
  7462 | D:7      | Killed Menkaure
  7613 | D:7      | Identified 2 scrolls of acquirement
  7626 | D:6      | Acquired the amulet of Miweost {Spirit Dex+4}
  7641 | D:6      | Acquired a +1 kite shield of protection
  7736 | D:7      | Found a staircase to the Ecumenical Temple.
  7828 | D:7      | Found a broken altar of Ashenzari.
  7924 | D:7      | Found a sparkling altar of Nemelex Xobeh.
  7931 | D:7      | Found a shimmering altar of Xom.
  7936 | D:7      | Found a radiant altar of Vehumet.
  7953 | D:7      | Found a bloodstained altar of Trog.
  8192 | D:7      | Found an opulent altar of Gozag.
  8194 | D:7      | Found Gozag's Platinum Reserve.
  8274 | D:8      | Reached skill level 14 in Long Blades
  8314 | D:8      | Reached XP level 10. HP: 41/55 MP: 8/11
  8459 | D:8      | Found a sand-covered staircase.
  8466 | Ossuary  | Entered an ossuary
  8544 | Ossuary  | Reached *** piety under Trog
  8674 | D:8      | Reached skill level 5 in Fighting
  8841 | D:8      | Found Lyimarei's Assorted Antiques.
  8961 | D:8      | Found Kyleuc's Jewellery Boutique.
  8987 | D:8      | Identified the +6 flail "Udapp" {venom, rF+}
  9013 | D:8      | Found an ancient bone altar of Kikubaaqudgha.
  9559 | D:8      | Found a white marble altar of Elyvilon.
  9816 | D:8      | Bought a pair of steaming gloves for 237 gold pieces
  9816 | D:8      | Identified the +0 pair of gloves of the Marlin {rCorr
                  | Stlth+} (You bought it in a shop on level 8 of the Dungeon)
 10414 | D:9      | Reached **** piety under Trog
 10485 | D:9      | HP: 3/65 [orc priest/divine providence (15)]
 10486 | D:9      | Slain by a komodo dragon

Illustrated notes

Levels and vault maps discovered:
D:1:      elethiomel_arrival_infinity_welcomes_careful_drivers, layout_basic,
          hellmonk_ecumenical_altar_arch_garden, serial_forest,
          infiniplex_forest_straight_3, infiniplex_forest_clump_diagonal,
          infiniplex_forest_pool, infiniplex_forest_lined_corner
D:2:      layout_loops_corners, kennysheep_minor_cross, minmay_heptomino_h4
D:3:      layout_loops_ring, lemuel_coloured_pillars_altar,
          lemuel_crystal_altar, uniq_grinder
D:4:      layout_cave_pools, serial_shops, kennysheep_mini_moat, uniq_edmund,
          uniq_eustachio, uniq_pikel
D:5:      layout_basic, skrybe_limestone_x, chequers_serial_rivers_small_3,
          minmay_misc_feat_more_columns, grunt_decor_one_mirror
D:6:      layout_gridville, serial_shops, nicolae_shop_crystal
D:7:      layout_rooms, nicolae_gozag_zags_fifth_avenue,
          mainiacjoe_overflow_tiny_flanked, grunt_temple_overflow_cloverleaf,
          temple_doors_e, uniq_menkaure, uniq_duvessa
D:8:      layout_rooms, elyvilon_altar_5, mainiacjoe_overflow_cross_hatched,
          serial_shops, nicolae_shop_overgrown_old_shop,
          nicolae_inconvenience_store, enter_bailey_8,
          nicolae_ossuary_entry_monument, hangedman_decor_lopped
D:9:      layout_roguey, nzn_hepliaklqana_mist_gate, kennysheep_mini,
          due_lair_maze_entry_diamond, serial_shops, nicolae_lakefront_shop

Skill      XL: |  1  2  3  4  5  6  7  8  9 10 |
---------------+-------------------------------+-----
Stealth        | 1 2 4 5 |  5.0
Long Blades    | 4 5 8 11 14 | 14.0
Fighting       | 4 8 |  8.6
Armour         | |  2.1
Dodging        | |  2.1

Action                   |  1- 3 |  4- 6 |  7- 9 | 10-12 || total
-------------------------+-------+-------+-------+-------++-------
Melee: Falchion          |    88 |    33 |   232 |   245 ||   598
       Peck              |    11 |     3 |    52 |    49 ||   115
       Kick              |    16 |     9 |    82 |    89 ||   196
       Punch             |       |     2 |     2 |       ||     4
Throw: Stone             |     6 |     4 |       |       ||    10
       Dart              |       |    10 |    27 |     1 ||    38
Invok: Berserk           |     2 |     3 |     8 |     3 ||    16
  Use: Scroll            |       |     6 |     7 |       ||    13
       Potion            |       |       |     1 |       ||     1
 Stab: Sleeping          |     3 |     4 |       |     2 ||     9
       Distracted        |       |     1 |       |       ||     1
Armor: Animal skin       |     7 |       |       |       ||     7
       Leather armour    |    15 |     6 |    54 |    42 ||   117
       Troll leather arm |       |       |       |    36 ||    36
Dodge: Dodged            |    54 |    17 |    97 |    84 ||   252
Block: Other             |       |       |    20 |       ||    20
       Kite shield       |       |       |    17 |   103 ||   120

Table legend: (Time is in decaauts)
 A = Elapsed time spent in this place.
 B = Non-inter-level travel time spent in this place.
 C = Inter-level travel time spent in this place.
 D = Time resting spent in this place.
 E = Time spent auto-exploring this place.
 F = Levels seen in this place.
 G = Mean time per level.
                   A        B        C        D        E       F      G
               +--------+--------+--------+--------+--------+-----+--------+
         Total |  10165 |   9763 |    402 |   2904 |   3998 |  10 | 1016.5 |
       Dungeon |   9983 |   9581 |    402 |   2851 |   3998 |   9 | 1109.2 |
       Ossuary |    182 |    182 |      0 |     53 |      0 |   1 |  182.0 |
               +--------+--------+--------+--------+--------+-----+--------+

Top non-repeatable levels by time:
     D:8: 1547 daAuts
     D:5: 1524 daAuts
     D:6: 1332 daAuts
     D:2: 1295 daAuts
     D:3: 1244 daAuts
     D:1: 1232 daAuts
     D:7: 745 daAuts
     D:4: 696 daAuts
     D:9: 363 daAuts
 Ossuary: 182 daAuts
